 Dungeon Crawl Stone Soup version 0.30-a0-571-gdf30a72648 (webtiles) character file.

Game seed: 703099979909267792

5790 Pooter the Cleaver (level 10, 0/94 HPs)
             Began as a Minotaur Berserker on Dec 30, 2022.
             Was a Priest of Trog.
             Slain by a white ugly thing (13 damage)
             ... on level 9 of the Dungeon.
             The game lasted 00:35:35 (8211 turns).

Pooter the Cleaver (Minotaur Berserker)             Turns: 8211, Time: 00:35:36

Health: 0/94       AC:  9    Str: 25    XL:     10   Next: 50%
Magic:  9/9        EV: 11    Int:  4    God:    Trog [***...]
Gold:   251        SH:  0    Dex: 11    Spells: 9/9 levels left

rFire   + . .      SeeInvis .    a - +2 battleaxe
rCold   . . .      Faith    .    (shield currently unavailable)
rNeg    . . .      Spirit   .    K - +2 ring mail {rF+}
rPois   .          Reflect  .    (helmet restricted)
rElec   .          Harm     .    (no cloak)
rCorr   .          Rampage  .    l - +0 pair of gloves
Will    ++...                    n - +0 pair of boots
Stlth   +                        H - amulet of the acrobat
HPRegen 1.35/turn                (no ring)
MPRegen 0.11/turn                (no ring)

@: strong-willed, on berserk cooldown, regenerating, slowed, very slow
A: horns 2, retaliatory headbutt
a: Renounce Religion, Berserk, Trog's Hand


You were on level 9 of the Dungeon.
You worshipped Trog.
Trog was most pleased with you.
You visited 1 branch of the dungeon, and saw 9 of its levels.

You collected 422 gold pieces.
You spent 171 gold pieces at shops.

Inventory:

Hand Weapons
 a - a +2 battleaxe (weapon)
   (You took it off a wight on level 6 of the Dungeon)
 b - a +0 longbow
   (You found it on level 6 of the Dungeon)
 o - a +2 whip of venom
   (You took it off a kobold on level 2 of the Dungeon)
 w - a +1 hand axe
 x - a +0 trident
   (You took it off an orc on level 5 of the Dungeon)
 z - a +1 halberd of protection
   (You took it off a gnoll on level 5 of the Dungeon)
 B - a +0 dire flail
   (You took it off a wight on level 6 of the Dungeon)
 D - a +4 scimitar of flaming
   (You took it off Blork the orc on level 6 of the Dungeon)
Missiles
 g - 30 poisoned darts (quivered)
 y - 2 boomerangs
 L - a curare-tipped dart
 Q - 38 stones
Armour
 f - a +0 chain mail
   (You found it on level 2 of the Dungeon)
 l - a +0 pair of gloves (worn)
   (You found it on level 2 of the Dungeon)
 n - a +0 pair of boots (worn)
   (You found it on level 2 of the Dungeon)
 s - a +0 buckler
   (You found it on level 2 of the Dungeon)
 K - a +2 ring mail of fire resistance (worn)
   (You took it off an orc on level 8 of the Dungeon)
Jewellery
 v - a ring of ice
   (You found it on level 3 of the Dungeon)
 H - an amulet of the acrobat (around neck)
   (You found it on level 7 of the Dungeon)
Wands
 A - a wand of roots (18)
   (You found it on level 6 of the Dungeon)
 M - a wand of charming (14)
   (You found it on level 8 of the Dungeon)
Scrolls
 d - 2 scrolls of poison {!r}
 e - 2 scrolls of enchant weapon
 h - 3 scrolls of enchant armour
 j - 5 scrolls of immolation {!r}
 r - 4 scrolls of vulnerability {!r}
 t - 6 scrolls of teleportation {@r4}
 u - a scroll of fog
 E - a scroll of torment {!r}
 F - 2 scrolls of fear
Potions
 c - a potion of magic {unknown}
 i - a potion of ambrosia {unknown}
 k - 3 potions of flight
 m - 3 potions of mutation {!q}
 p - 2 potions of might {unknown}
 q - 3 potions of curing {@q1}
 C - 2 potions of heal wounds {unknown}
 G - a potion of cancellation {unknown}
 I - 2 potions of haste {unknown}
 J - 3 potions of berserk rage {unknown}


   Skills:
 + Level 10.4 Fighting
 * Level 14.1 Axes
 * Level 7.0 Ranged Weapons
 - Level 2.4 Armour
 - Level 2.1 Dodging
 + Level 2.1 Evocations


You had 9 spell levels left.
You didn't know any spells.
Your spell library was empty.

Dungeon Overview and Level Annotations

Branches:
Dungeon (9/15)             Temple (0/1) D:5
   Lair: D:8-11         Orc: D:9-12

Altars:
Cheibriados
Fedhas
Gozag
Hepliaklqana
Kikubaaqudgha
Ru
Wu Jian
Zin

Shops:
D:6 (   D:8 *


Innate Abilities, Weirdness & Mutations

You have a pair of horns on your head.
You reflexively headbutt those who attack you in melee.


Message History

You slash the centaur! You barely miss the steam dragon.
You hear a shout!
The steam dragon closely misses you.
The steam dragon claws you but does no damage.
You slice the centaur!!
You kill the centaur!
Trog accepts your kill.
You completely miss the steam dragon.
The howler monkey hoots and howls with incredible vigour!
The steam dragon bites you but does no damage.
The steam dragon claws you but does no damage.
The steam dragon breathes steam at you.
The ball of steam hits the steam dragon!
The steam dragon resists.
The ball of steam hits you. You resist.
Your Evocations skill increases to level 2!
You slice the steam dragon!!
You kill the steam dragon!
Trog accepts your kill.
Found a stone staircase leading down.
You feel a strong urge to attack something.
You are no longer berserk.
You are exhausted.
You feel yourself slow down.
Okay, then.
As you read the scroll of enchant weapon, it crumbles to dust.
Your +1 battleaxe glows red for a moment.
You hit the steam dragon. You headbutt the steam dragon!
A bullfrog comes into view.
The steam dragon barely misses you. You furiously retaliate!
You headbutt the steam dragon.
The steam dragon claws you but does no damage.
You slice the steam dragon!!
You kill the steam dragon!
Trog accepts your kill. The bullfrog closely misses you.
You furiously retaliate!
You headbutt the bullfrog, but do no damage.
The white ugly thing claws you! The white ugly thing freezes you!!
The bullfrog closely misses you. You furiously retaliate!
You headbutt the bullfrog!
Your Ranged Weapons skill increases to level 7!
Unknown command.
You slash the white ugly thing! You headbutt the white ugly thing.
You slash the bullfrog! The bullfrog hits you. The white ugly thing claws you!
* * * LOW HITPOINT WARNING * * *
The white ugly thing freezes you!!
* * * LOW HITPOINT WARNING * * *
The howler monkey hoots and howls with incredible vigour!
The bullfrog hits you but does no damage.
The white ugly thing claws you!
You die...

........# #..........#.
.........# #............
.........###..###.......
..............###.......
........................
......!.[...............
.......................
####+...uh§###'#########
......F@#.§§#..†...#
.....#####D§#......#
>... #.§#......# ..
..§#......# #u#########


Yh# ... #.. You could see a white ugly thing, a bullfrog and a howler monkey
(catching breath).

Vanquished Creatures
  A two-headed ogre (D:8)
  Maggie (D:6)
  Grinder (D:4)
  A hornet (D:9)
  4 yaks (D:7)
  4 steam dragons
  Eustachio (D:4)
  Edmund (D:6)
  A water moccasin (D:6)
  2 ice beasts (D:7)
  An orc warrior (D:9)
  A black bear (D:5)
  An ogre (D:5)
  A centaur (D:9)
  A phantom (D:5)
  A kobold brigand (D:8)
  Blork the orc (D:6)
  2 bullfrogs
  4 scorpions
  3 necrophages
  5 wights (D:6)
  14 killer bees
  9 crimson imps (D:8)
  A hound (D:4)
  8 orc priests
  A gnoll bouda (D:8)
  An iguana (D:5)
  3 orc wizards
  6 adders
  9 gnolls
  2 shadow imps
  2 white imps
  2 ufetubi
  4 worms
  2 dart slugs
  21 orcs
  7 ball pythons
  3 endoplasms
  3 giant cockroaches
  4 goblins
  5 hobgoblins
  6 jackals
  5 quokkas
  2 bats
  9 frilled lizards
  12 kobolds
  3 rats
182 creatures vanquished.

Notes
Turn   | Place    | Note
-------+----------+-------------------------------------------
     0 | D:1      | Pooter the Minotaur Berserker began the quest for the Orb.
     0 | D:1      | Reached XP level 1. HP: 19/19 MP: 0/0
   164 | D:1      | Reached skill level 4 in Axes
   231 | D:1      | Reached XP level 2. HP: 26/27 MP: 1/1
   461 | D:1      | Reached XP level 3. HP: 27/33 MP: 2/2
   730 | D:2      | Reached ** piety under Trog
  1034 | D:2      | Reached skill level 5 in Axes
  1102 | D:2      | Found a snail-covered altar of Cheibriados.
  1632 | D:3      | Reached XP level 4. HP: 41/41 MP: 3/3
  2208 | D:4      | Reached skill level 6 in Axes
  2430 | D:4      | Reached XP level 5. HP: 47/47 MP: 4/4
  2448 | D:4      | Noticed Grinder
  2449 | D:4      | Paralysed by Grinder for 5 turns
  2458 | D:4      | Paralysed by Grinder for 4 turns
  2466 | D:4      | Killed Grinder
  2467 | D:4      | Reached skill level 5 in Fighting
  2467 | D:4      | Reached skill level 7 in Axes
  2467 | D:4      | Reached XP level 6. HP: 36/57 MP: 5/5
  2957 | D:4      | Noticed Eustachio
  2966 | D:4      | Killed Eustachio
  3253 | D:5      | Entered Level 5 of the Dungeon
  3272 | D:5      | Reached skill level 8 in Axes
  3272 | D:5      | Reached XP level 7. HP: 63/63 MP: 6/6
  3375 | D:5      | Reached skill level 9 in Axes
  4172 | D:5      | Found a staircase to the Ecumenical Temple.
  4222 | D:5      | Reached XP level 8. HP: 60/73 MP: 7/7
  4406 | D:5      | Reached skill level 10 in Axes
  4589 | D:5      | Reached *** piety under Trog
  4748 | D:6      | Reached skill level 11 in Axes
  4937 | D:6      | Noticed Blork the orc
  4941 | D:6      | Killed Blork the orc
  5124 | D:6      | Noticed Maggie
  5137 | D:6      | Killed Maggie
  5138 | D:6      | Reached skill level 12 in Axes
  5138 | D:6      | Reached XP level 9. HP: 82/82 MP: 8/8
  5211 | D:6      | Found Siaceic's Antique Weapon Shop.
  5322 | D:6      | Found the amulet of Elemental Vulnerability {rPois rF--
                  | rC-- AC+8}
  5636 | D:6      | Noticed Edmund
  5642 | D:6      | Killed Edmund
  5643 | D:6      | Reached skill level 1 in Ranged Weapons
  6003 | D:7      | Found a sacrificial altar of Ru.
  6284 | D:7      | Found an opulent altar of Gozag.
  6284 | D:7      | Found a hazy altar of Hepliaklqana.
  6285 | D:7      | Found an ancient bone altar of Kikubaaqudgha.
  6295 | D:7      | Found a glowing silver altar of Zin.
  6411 | D:7      | Found an ornate altar of the Wu Jian Council.
  6669 | D:8      | Reached skill level 13 in Axes
  6802 | D:8      | Found a blossoming altar of Fedhas.
  6802 | D:8      | Noticed a two-headed ogre
  6808 | D:8      | Killed a two-headed ogre
  6809 | D:8      | Reached skill level 5 in Ranged Weapons
  6900 | D:8      | Found Beypn's Assorted Antiques.
  6909 | D:8      | Bought 2 golden potions for 55 gold pieces
  6909 | D:8      | Bought a green potion for 27 gold pieces
  6909 | D:8      | Bought a green potion for 27 gold pieces
  6909 | D:8      | Bought a scroll of identify for 62 gold pieces
  6989 | D:8      | Reached skill level 10 in Fighting
  6989 | D:8      | Reached XP level 10. HP: 85/93 MP: 9/9
  7200 | D:8      | Found a snail-covered altar of Cheibriados.
  7467 | D:8      | Reached skill level 1 in Evocations
  8139 | D:9      | Paralysed by a hornet for 2 turns
  8144 | D:9      | Reached skill level 14 in Axes
  8201 | D:9      | Noticed a white ugly thing
  8211 | D:9      | Slain by a white ugly thing

Illustrated notes

Levels and vault maps discovered:
D:1:      dpeg_arrival_solitude, layout_basic
D:2:      layout_loops_ring, basic_altar
D:3:      layout_basic
D:4:      layout_layer_cave, kennysheep_generic_room_15, uniq_grinder,
          uniq_eustachio
D:5:      wad_crossroads, layout_rooms, minmay_temple_entry_mini_moons
D:6:      layout_basic, serial_shops, nicolae_shop_behind_doors,
          grunt_decor_cap, uniq_blork_the_orc, uniq_maggie, uniq_edmund
D:7:      layout_basic, nicolae_overflow_quartered_altars,
          mainiacjoe_overflow_catch_the_wave, minmay_misc_feat_iff
D:8:      layout_gridville, mainiacjoe_overflow_six_doors_small,
          mainiacjoe_overflow_chevrons, serial_shops, nicolae_diamond_shop,
          minmay_nine_imps
D:9:      layout_stronghold, mainiacjoe_overflow_concentric_impassable,
          erik_lair_orcish_takeover, minmay_ruined_shrine

Skill      XL: |  1  2  3  4  5  6  7  8  9 10 |
---------------+-------------------------------+-----
Axes           | 4 5 6 7 8 9 12 13 14 | 14.1
Fighting       | 4 5 6 7 8 10 | 10.4
Ranged Weapons | 5 7 |  7.0
Evocations     | 2 |  2.1
Armour         | |  2.4
Dodging        | |  2.1

Action                   |  1- 3 |  4- 6 |  7- 9 | 10-12 || total
-------------------------+-------+-------+-------+-------++-------
Melee: Hand axe          |    75 |       |       |       ||    75
       Headbutt          |    15 |     9 |    34 |     9 ||    67
       Whip              |    15 |    54 |    30 |       ||    99
       Halberd           |       |       |    81 |       ||    81
       Battleaxe         |       |       |    68 |    61 ||   129
 Fire: Longbow           |       |       |    27 |    11 ||    38
Throw: Stone             |    21 |       |       |       ||    21
       Dart              |       |     4 |     5 |       ||     9
Invok: Berserk           |     1 |     3 |    10 |     6 ||    20
       Trog's Hand       |       |     1 |     6 |     1 ||     8
Evoke: Wand              |       |       |       |     4 ||     4
  Use: Scroll            |     4 |     3 |     6 |     4 ||    17
 Stab: Sleeping          |     1 |       |       |       ||     1
Armor: Animal skin       |     3 |       |       |       ||     3
       Chain mail        |    29 |    21 |    93 |       ||   143
       Ring mail         |       |       |     3 |    30 ||    33
Dodge: Dodged            |    38 |    18 |    91 |    47 ||   194
Block: Buckler           |       |     5 |     4 |       ||     9

Table legend: (Time is in decaauts)
 A = Elapsed time spent in this place.
 B = Non-inter-level travel time spent in this place.
 C = Inter-level travel time spent in this place.
 D = Time resting spent in this place.
 E = Time spent auto-exploring this place.
 F = Levels seen in this place.
 G = Mean time per level.
                   A        B        C        D        E       F      G
               +--------+--------+--------+--------+--------+-----+--------+
         Total |   8429 |   8261 |    168 |   2017 |   4928 |   9 |  936.6 |
       Dungeon |   8429 |   8261 |    168 |   2017 |   4928 |   9 |  936.6 |
               +--------+--------+--------+--------+--------+-----+--------+

Top non-repeatable levels by time:
     D:6: 1341 daAuts
     D:4: 1272 daAuts
     D:8: 1260 daAuts
     D:5: 1254 daAuts
     D:2: 991 daAuts
     D:7: 782 daAuts
     D:1: 637 daAuts
     D:3: 526 daAuts
     D:9: 364 daAuts
